AoeStats
← zamithdaniel

Black Forest

509276973Analyzed
2v2 RM · 7d ago on Sep 26, 2026· 39m 40s· 4 players
Game mode
Random Map
Map size
Medium (4 player)
Population
200
Speed
Normal
Resources
Standard
Victory
Conquest
Starting age
Dark Age
Ending age
Imperial Age
RankedLock teamsTeams togetherTeam positionsShared explorationLock speedFull tech treeHidden civsTurbo modeCheats
Victory
Defeat
🇨🇴 Turks · Colombia
943
+15
🇨🇴 Britons · Colombia
889
+17
🇵🇪 Byzantines · Peru
921
-16
🇺🇸 Saracens · United States
916
-16
SpiritualAxis77
2:03 Loom
11:51 Feudal Age
12:29 Loom
12:57 Double-Bit Axe
13:19 Horse Collar
17:59 Castle Age
24:10 Wheelbarrow
26:43 Hand Cart
28:15 Forging
28:46 Scale Barding Armor
30:15 Sanctity
31:59 Heavy Plow
32:24 Bow Saw
33:15 Iron Casting
32:43 Town Watch
34:47 Chain Barding Armor
34:21 Fletching
34:56 Caravan
35:14 Stone Mining
35:15 Gold Mining
36:00 Fervor
36:00 Fervor
36:31 Light Cavalry
37:21 Bloodlines
37:12 Husbandry
40:52 Imperial Age
xxzonabatexx
1:47 Loom
14:33 Feudal Age
18:47 Castle Age
16:39 Double-Bit Axe
19:03 Fishing Lines
20:08 Wheelbarrow
20:13 Gillnets
21:21 Horse Collar
Dovahkyn
5:35 Loom
11:23 Feudal Age
19:44 Castle Age
17:28 Horse Collar
17:35 Double-Bit Axe
21:02 Bow Saw
20:54 Heavy Plow
22:03 Gold Mining
22:07 Stone Mining
26:17 Gold Shaft Mining
26:25 Fortified Wall
26:11 Fletching
27:18 Wheelbarrow
32:12 Imperial Age
29:30 Town Watch
31:07 Hand Cart
31:45 Yeomen
31:27 Bodkin Arrow
31:32 Padded Archer Armor
32:31 Ballistics
33:15 Conscription
32:16 Elite Longbowman
34:06 Two-Man Saw
35:21 Heavy Scorpion
36:42 Bracer
36:57 Leather Archer Armor
40:17 Chemistry
38:59 Treadmill Crane
zamithdaniel
13:11 Feudal Age
13:49 Double-Bit Axe
13:47 Horse Collar
23:45 Castle Age
23:34 Forging
25:41 Scale Barding Armor
28:15 Heavy Plow
28:28 Bow Saw
30:23 Loom
30:46 Gold Mining
30:49 Stone Mining
37:56 Imperial Age
36:12 Fortified Wall
38:10 Loom
39:01 Wheelbarrow
38:11 Town Watch
Connection lost

Rejoining the realm…

Still unreachable

The connection could not be restored.

Session expired

The server has moved on; the page needs a fresh start.